 Dungeon Crawl Stone Soup version 0.29-a0-82-g837932c90e (webtiles) character file.

Game seed: 2436261961014387597

114587 lordive the Unseen (level 16, -7/81 HPs)
             Began as a Spriggan Enchanter on Feb 5, 2022.
             Was a High Priest of Vehumet.
             Mangled by a white ugly thing (35 damage)
             ... on level 15 of the Dungeon.
             The game lasted 01:38:34 (33782 turns).

lordive the Unseen (Spriggan Enchanter)            Turns: 33782, Time: 01:38:34

Health: -7/81      AC:  9    Str:  5    XL:     16   Next: 16%
Magic:  27/32      EV: 28    Int: 34    God:    Vehumet [*****.]
Gold:   2277       SH: 15    Dex: 28    Spells: 4/38 levels left

rFire   . . .      SeeInvis +   g - +4 quick blade "Ezavva" {drain, Dex+5 Stlth+}
rCold   . . .      Faith    .   F - +1 buckler {reflect}
rNeg    . . .      Spirit   .   L - +0 troll leather armour
rPois   +          Reflect  +   w - +1 hat of the Minstrel {rPois rCorr}
rElec   .          Harm     .   y - +2 cloak {rPois}
rCorr   +          Rampage  .   (gloves unavailable)
Will    ++...                   (boots unavailable)
Stlth   ++++++++..              N - amulet of reflection
HPRegen 1.03/turn               k - +6 ring of intelligence
MPRegen 0.23/turn               O - ring "Erorchovo" {Wiz Str+3 Int+4 Dex+7 Slay-4}

@: confusing by touch, very quick
A: very small, no large weapons, unfitting armour, see invisible, speed 3, weak
1
a: Renounce Religion


You were on level 15 of the Dungeon.
You worshipped Vehumet.
Vehumet was extremely pleased with you.
You visited 4 branches of the dungeon, and saw 24 of its levels.
You also visited: Bailey and Gauntlet.

You collected 2289 gold pieces.
You spent 12 gold pieces at shops.

Inventory:

Hand Weapons
 g - the +4 quick blade "Ezavva" (weapon) {drain, Dex+5 Stlth+}
   (You acquired it on level 3 of the Lair of Beasts)

   A truly terrible weapon, it drains the life of any living foe it strikes.
   Dex:       It affects your dexterity (+5).
   Stlth:     It makes you more stealthy.
Missiles
 C - 3 throwing nets
Armour
 b - a +0 robe of resistance
 w - the +1 hat of the Minstrel (worn) {rPois rCorr}
   (You found it in a Gauntlet)

   rPois:     It protects you from poison.
   rCorr:     It protects you from acid and corrosion.
 y - a +2 cloak of poison resistance (worn)
 F - a +1 buckler of reflection (worn)
 L - a +0 troll leather armour (worn)
Jewellery
 d - a +4 ring of protection
 k - a +6 ring of intelligence (left hand)
 E - a ring of positive energy
 N - an amulet of reflection (around neck)
 O - the ring "Erorchovo" (right hand) {Wiz Str+3 Int+4 Dex+7 Slay-4}
   (You found it in a Gauntlet)

   [ring of wizardry]

   It improves your spell success rate.
   Str:       It affects your strength (+3).
   Int:       It affects your intelligence (+4).
   Dex:       It affects your dexterity (+7).
   Slay:      It affects your accuracy & damage with ranged weapons and melee
   (-4).
 Y - a +6 ring of intelligence
Wands
 c - a wand of digging (12)
 e - a wand of paralysis (3)
 r - a wand of charming (3)
 s - a wand of mindburst (9)
Scrolls
 a - 2 scrolls of identify
 h - 2 scrolls of magic mapping
 j - 2 scrolls of enchant armour
 m - 5 scrolls of fear
 n - 7 scrolls of amnesia
 p - 3 scrolls of immolation
 u - 4 scrolls of fog
 Q - 3 scrolls of blinking
 U - 2 scrolls of summoning
 V - a scroll of teleportation
Potions
 f - 4 potions of flight
 i - 3 potions of resistance
 l - 17 potions of curing
 o - 4 potions of brilliance
 q - 7 potions of haste
 t - 4 potions of magic
 v - a potion of ambrosia {unknown}
 A - 5 potions of heal wounds
 B - a potion of cancellation


   Skills:
 * Level 7.7 Fighting
 * Level 9.7 Short Blades
 * Level 7.2 Armour
 * Level 12.1 Dodging
 + Level 17.1 Stealth
 * Level 4.5 Shields
 + Level 11.7 Spellcasting
 * Level 6.8 Conjurations
 * Level 15.0 Hexes
 * Level 5.5 Translocations
 - Level 1.0 Ice Magic
 * Level 8.3 Earth Magic


You had 4 spell levels left.
You knew the following spells:

 Your Spells              Type           Power      Damage    Failure   Level
a - Ensorcelled Hibernat  Hex/Ice        100%       N/A       1%          2
b - Confusing Touch       Hex            89%        N/A       1%          3
c - Tukima's Dance        Hex            89%        N/A       1%          3
d - Stone Arrow           Conj/Erth      100%       3d13      1%          3
e - Cause Fear            Hex            44%        N/A       1%          4
f - Mephitic Cloud        Conj/Pois/Air  35%        N/A       1%          3
g - Iron Shot             Conj/Erth      32%        9d7       5%          6
h - Yara's Violent Unrav  Hex/Tmut       31%        3d13      1%          5
i - Manifold Assault      Tloc           55%        N/A       8%          5

Your spell library contained the following spells:

 Spells                   Type           Power      Damage    Failure   Level
 Freezing Cloud           Conj/Ice/Air   18%        6-21      8%          5
 Slow                     Hex            100%       N/A       0%          1
 Foxfire                  Conj/Fire      100%       2x1d9     1%          1
 Shock                    Conj/Air       100%       1d9       1%          1
 Passwall                 Tmut/Erth      40%        N/A       1%          2
 Conjure Flame            Conj/Fire      43%        6-21      1%          3
 Dazzling Flash           Conj/Hex       100%       N/A       1%          3
 Gell's Gravitas          Tloc           55%        N/A       1%          3
 Inner Flame              Hex/Fire       63%        N/A       1%          3
 Teleport Other           Tloc           55%        N/A       1%          3
 Anguish                  Hex/Necr       31%        N/A       1%          4
 Flame Wave               Conj/Fire      43%        2d9       1%          4
 Sublimation of Blood     Necr           19%        N/A       4%          2
 Animate Armour           Summ/Erth      96%        N/A       4%          4
 Petrify                  Tmut/Erth      48%        N/A       4%          4
 Airstrike                Air            9%         N/A       8%          4
 Olgreb's Toxic Radiance  Pois           19%        N/A       8%          4
 Spider Form              Tmut/Pois      19%        N/A       9%          3
 Swiftness                Air            19%        N/A       9%          3
 Vampiric Draining        Necr           19%        2d7       9%          3
 Summon Lightning Spire   Summ/Air       19%        N/A       26%         4
 Iskenderun's Battlesphe  Conj           61%        2d11      1%          5
 Fireball                 Conj/Fire      21%        3d10      5%          5
 Irradiate                Conj/Tmut      21%        3d21      5%          5
 Lightning Bolt           Conj/Air       21%        1d36      5%          5
 Summon Forest            Summ/Tloc      19%        N/A       24%         5
 Conjure Ball Lightning   Conj/Air       21%        3x3d6     24%         6
 Starburst                Conj/Fire      21%        6d7       24%         6
 Orb of Destruction       Conj           30%        9d10      32%         7
 Discord                  Hex            44%        N/A       34%         8
 Dispersal                Tloc           27%        N/A       38%         6
 Alistair's Intoxication  Tmut/Pois      12%        N/A       56%         5
 Eringya's Noxious Bog    Tmut/Pois      9%         N/A       63%         6
 Spellforged Servitor     Conj/Summ      21%        N/A       73%         7
 Lehudib's Crystal Spear  Conj/Erth      32%        10d8      82%         8
 Summon Hydra             Summ           9%         N/A       100%        7


Dungeon Overview and Level Annotations

Branches:
Dungeon (15/15)            Temple (1/1) D:7            Lair (6/6) D:8
 Shoals (0/4) Lair:3        Snake (0/4) Lair:3        Slime (0/5) Lair:5
    Orc (2/2) D:9             Elf (0/3) Orc:2        Vaults (0/5) D:13
 Bailey (visited)         Gauntlet (visited)
 Depths: D:15

Altars:
Ashenzari
Cheibriados
Dithmenos
Elyvilon
Fedhas
Gozag
Hepliaklqana
Kikubaaqudgha
Makhleb
Nemelex Xobeh
Okawaru
Qazlal
Ru
Sif Muna
Trog
Uskayaw
Vehumet
Wu Jian
Xom
Yredelemnul
Zin
The Shining One
Beogh
Jiyva
Lugonu

Shops:
D:8 (   Orc:2 ??(=

Portals:
Abyss: Lair:3
Pandemonium: Orc:2

Annotations:
Lair:4 exclusion: oklob plant


Innate Abilities, Weirdness & Mutations

You are very small and have problems with some larger weapons.
You are too small for most types of armour.
You have supernaturally acute eyesight. (SInv)
You cover ground extremely quickly. (Speed+++)
You are weak. (Str -2)


Message History

Casting: Confusing Touch (safe; 1% risk of failure)
Confirm with . or Enter, or press ? or * to list all spells.
Your hands begin to glow red.
The brown ugly thing stings you.
You are splashed with acid.
You resist.
You hit the brown ugly thing but do no damage.
The brown ugly thing is heavily wounded.
You hit the brown ugly thing but do no damage.
The brown ugly thing is heavily wounded.
The brown ugly thing completely misses you.
You hit the brown ugly thing but do no damage.
The brown ugly thing appears confused.
The brown ugly thing is heavily wounded.
You hit the brown ugly thing but do no damage.
The brown ugly thing is heavily wounded.
You hit the brown ugly thing. You drain the brown ugly thing.
The brown ugly thing is severely wounded.
You strike the helpless brown ugly thing from behind!
You perforate the brown ugly thing like a sieve!!!
You kill the brown ugly thing!
Vehumet accepts your kill.
You feel your power returning.
Casting: Confusing Touch (safe; 1% risk of failure)
Confirm with . or Enter, or press ? or * to list all spells.
Your hands begin to glow red.
The necromancer completely misses you.
You hit the necromancer but do no damage.
The necromancer appears confused.
You catch the helpless necromancer completely off-guard!
You skewer the necromancer like a kebab!!!
You kill the necromancer!
Vehumet accepts your kill.
You feel your power returning.
You hit the white ugly thing.
The white ugly thing is lightly wounded.
Casting: Confusing Touch (safe; 1% risk of failure)
Confirm with . or Enter, or press ? or * to list all spells.
Your hands begin to glow red.
You completely miss the cyclops.
The cyclops is severely wounded.
The white ugly thing bites you. The white ugly thing freezes you!!
You die...

#.... .........##
######...######.......#
.........#....#.......#
.........#....#.......#
.........#....+.......#
.........#'####.......#
......................#
...................(..........#
.......$####+##@u..########...#
........#.....#C####..... +...#
........#......u......... #)..#
........####.............#....#
...........#.............#....#
P..........#.............#....#
.....[.....#####†........#..<..
P........u.....#.........#......
.8..z....u.u...#'#########......


You could see 2 ugly things and a cyclops (soul bound).

Vanquished Creatures
  Rupert (D:12)
  Gastronok (Lair:3)
  A tengu reaver (D:13)
  The ghost of FizzleBang the Fighter, a journeyman TrHu of Ru (Orc:2)
  A minotaur (Gauntlet)
  A deep elf annihilator (D:13)
  An ettin (Orc:2)
  A fire dragon (Lair:6)
  Josephine (D:12)
  A yaktaur captain (D:13)
  9 hydras
  2 boulder beetles
  A catoblepas (Lair:3)
  4 vault guards
  2 ogre magi (D:13)
  A two-headed ogre (D:9)
  2 centaur warriors
  A death knight (D:14)
  Urug (Lair:1)
  2 sun demons (Orc:2)
  5 orc high priests (Orc:2)
  Nergalle (Lair:2)
  4 sixfirhies
  5 skeletal warriors (D:14)
  The ghost of Triskal the Nimble, a novice GnGl of Lugonu (D:7)
  A spark wasp zombie (D:15)
  A swamp dragon (Lair:6)
  2 wizards (D:13)
  An orange crystal statue (D:12)
  A wolf spider (Lair:6)
  A necromancer (D:15)
  6 orc sorcerers (Orc:2)
  7 orc knights
  2 deep elf pyromancers
  7 ugly things
  8 cyclopes
  3 manticores
  22 elephants
  A guardian serpent (Lair:6)
  7 black mambas
  An ice statue (Gauntlet)
  Joseph (D:8)
  A gargoyle (D:13)
  15 cane toads
  11 komodo dragons
  7 rime drakes
  An ice devil (Orc:2)
  A yaktaur (shapeshifter) (D:14)
  A freezing wraith (D:12)
  5 kobold demonologists
  A tengu conjurer (D:14)
  An unseen horror (D:13)
  An efreet (D:15)
  4 merfolk (Lair:3)
  5 trolls
  4 polar bears
  A red devil (Orc:2)
  A meliai (shapeshifter) (D:10)
  3 hornets
  Prince Ribbit (Bailey)
  3 slime creatures (D:13)
  33 blink frogs
  7 dream sheep (Lair:5)
  2 centaur simulacra
  2 shadows
  7 wraiths
  11 wyverns
  59 yaks
  A water elemental (D:14)
  A yak (shapeshifter) (D:13)
  3 redbacks
  A golden eye (shapeshifter) (D:13)
  3 basilisks
  6 humans
  Eustachio (D:6)
  A neqoxec (Gauntlet)
  5 vampire mosquitoes
  2 chaos spawn
  4 steam dragons
  4 wargs
  2 acid dragons
  3 nagas (Lair:3)
  A water moccasin (shapeshifter) (D:14)
  28 water moccasins
  35 orc warriors
  2 swamp drakes (Lair:6)
  A sky beast (D:5)
  A black bear (Lair:1)
  15 ogres
  2 necrophages
  13 wolves
  9 centaurs
  A phantom (D:5)
  16 bullfrogs
  3 kobold brigands
  2 scorpions
  A hornet simulacrum (D:13)
  2 water moccasin skeletons (D:5)
  A wyvern skeleton (D:7)
  10 killer bees
  3 electric eels
  4 howler monkeys
  2 lava snakes (Lair:6)
  A bullfrog zombie (D:6)
  24 orc priests
  2 jellies
  Crazy Yiuf (D:6)
  4 hounds
  A bullfrog skeleton (D:6)
  5 iguanas
  22 orc wizards
  3 howler monkey zombies
  12 gnolls
  6 adders
  A worm (D:2)
  4 dart slugs
  83 orcs
  3 ball pythons
  2 bats
  10 endoplasms
  8 giant cockroaches
  17 goblins
  9 hobgoblins
  4 jackals (D:1)
  9 quokkas
  A frilled lizard (D:2)
  23 kobolds
  3 rats (D:1)
  A lurking horror (Lair:3)
759 creatures vanquished.

Vanquished Creatures (collateral kills)
  2 vault guards (D:13)
  A two-headed ogre (D:10)
  An orc warrior (D:13)
  A bullfrog (Bailey)
  2 goblins (Bailey)
7 creatures vanquished.

Vanquished Creatures (others)
  4 dancing weapons
  42 fungi
  96 plants
142 creatures vanquished.

Grand Total: 908 creatures vanquished

Notes
Turn   | Place    | Note
-------+----------+-------------------------------------------
     0 | D:1      | lordive the Spriggan Enchanter began the quest for the Orb.
     0 | D:1      | Reached XP level 1. HP: 9/9 MP: 5/5
   452 | D:2      | Reached XP level 2. HP: 4/13 MP: 6/6
   688 | D:2      | Learned a level 2 spell: Ensorcelled Hibernation
   861 | D:2      | Reached XP level 3. HP: 17/17 MP: 4/8
   865 | D:2      | Learned a level 3 spell: Confusing Touch
  1215 | D:1      | Reached skill level 5 in Stealth
  1922 | D:1      | Reached XP level 4. HP: 21/21 MP: 9/9
  3454 | D:3      | Learned a level 3 spell: Tukima's Dance
  3844 | D:4      | Reached XP level 5. HP: 10/25 MP: 1/10
  4153 | D:4      | Reached skill level 1 in Fighting
  4378 | D:4      | Noticed an ogre
  4394 | D:4      | Killed an ogre
  4395 | D:4      | Reached skill level 1 in Armour
  4395 | D:4      | Reached skill level 6 in Stealth
  4395 | D:4      | Reached XP level 6. HP: 30/30 MP: 7/12
  4551 | D:4      | Reached skill level 1 in Earth Magic
  4798 | D:4      | Reached skill level 1 in Conjurations
  4798 | D:4      | Reached skill level 1 in Ice Magic
  5107 | D:5      | Entered Level 5 of the Dungeon
  5179 | D:5      | Reached skill level 5 in Hexes
  5179 | D:5      | Reached XP level 7. HP: 33/33 MP: 10/13
  5630 | D:5      | Reached skill level 7 in Stealth
  6166 | D:6      | Noticed Eustachio
  6174 | D:6      | Killed Eustachio
  6175 | D:6      | Reached XP level 8. HP: 39/39 MP: 10/15
  6663 | D:6      | Found a runed translucent door.
  6664 | D:6      | Noticed Crazy Yiuf
  6907 | D:6      | Reached skill level 5 in Dodging
  6907 | D:6      | Reached skill level 8 in Stealth
  7457 | D:6      | Killed Crazy Yiuf
  7722 | D:7      | Reached skill level 5 in Spellcasting
  7730 | D:7      | Reached XP level 9. HP: 40/43 MP: 3/17
  7935 | D:7      | Found a staircase to the Ecumenical Temple.
  7953 | Temple   | Entered the Ecumenical Temple
  8169 | Temple   | Learned a level 3 spell: Stone Arrow
  8181 | Temple   | Became a worshipper of Vehumet
  8246 | D:7      | Found a runed translucent door.
  8801 | D:7      | Reached skill level 9 in Stealth
  9176 | D:7      | Noticed Triskal's ghost (novice GnGl)
 10562 | D:7      | Killed Triskal's ghost
 10614 | D:8      | Found Cefriutexo's Weapon Shop.
 10678 | D:8      | Reached * piety under Vehumet
 10678 | D:8      | Offered knowledge of Freeze by Vehumet.
 11165 | D:8      | Found a staircase to the Lair.
 11197 | D:8      | Reached XP level 10. HP: 36/49 MP: 15/20
 11421 | D:8      | Reached skill level 10 in Stealth
 11596 | D:8      | Found a blossoming altar of Fedhas.
 11599 | D:8      | Noticed Joseph
 11608 | D:8      | Killed Joseph
 11786 | D:8      | Reached skill level 5 in Short Blades
 12463 | D:9      | Noticed a two-headed ogre
 12473 | D:9      | Killed a two-headed ogre
 12720 | D:9      | Offered knowledge of Poisonous Vapours by Vehumet.
 12869 | D:9      | Identified the +1 flail of Himubot Archo {pain, Str+3
                  | Dex+5}
 12876 | D:9      | Reached ** piety under Vehumet
 13261 | D:9      | Found a staircase to the Orcish Mines.
 13726 | D:10     | Entered Level 10 of the Dungeon
 13731 | D:9      | Reached XP level 11. HP: 53/53 MP: 19/22
 13965 | D:9      | Reached skill level 11 in Stealth
 14064 | D:10     | Found a flagged portal.
 14094 | Bailey   | Entered a bailey
 14236 | Bailey   | Offered knowledge of Scorch by Vehumet.
 14248 | Bailey   | Reached skill level 10 in Hexes
 14399 | Bailey   | Noticed a vault guard
 14403 | Bailey   | Noticed Prince Ribbit
 14408 | Bailey   | Killed a vault guard
 14408 | Bailey   | Reached *** piety under Vehumet
 14531 | Bailey   | Killed Prince Ribbit
 14681 | Bailey   | Noticed a vault guard
 14694 | Bailey   | Killed a vault guard
 14769 | D:10     | Learned a level 4 spell: Cause Fear
 15220 | D:10     | Offered knowledge of Mephitic Cloud by Vehumet.
 15314 | D:9      | Learned a level 3 spell: Mephitic Cloud
 15579 | D:10     | Noticed a two-headed ogre
 15604 | D:10     | Killed a two-headed ogre
 15605 | D:10     | Reached skill level 5 in Earth Magic
 16165 | D:11     | Noticed a cyan ugly thing
 16171 | D:11     | Killed a cyan ugly thing
 16172 | D:11     | Reached skill level 5 in Fighting
 16172 | D:11     | Reached skill level 12 in Stealth
 16484 | D:12     | Noticed a death knight
 16826 | Lair:1   | Entered Level 1 of the Lair of Beasts
 16847 | Lair:1   | Reached XP level 12. HP: 49/60 MP: 18/25
 16960 | Lair:1   | Noticed a five-headed hydra
 16971 | Lair:1   | Killed a five-headed hydra
 17275 | Lair:1   | Noticed Urug
 17282 | Lair:1   | Killed Urug
 17326 | Lair:1   | Reached **** piety under Vehumet
 17576 | Lair:2   | Noticed Nergalle
 17788 | Lair:2   | Killed Nergalle
 17868 | Lair:2   | Reached skill level 5 in Armour
 17917 | Lair:2   | Offered knowledge of Conjure Flame by Vehumet.
 18444 | Lair:3   | Reached skill level 13 in Stealth
 18621 | Lair:3   | Found a staircase to the Shoals.
 18667 | Lair:3   | Noticed Gastronok
 18702 | Lair:3   | Killed Gastronok
 18788 | Lair:3   | Found a one-way gate to the infinite horrors of the Abyss.
 18790 | Lair:3   | Found a corrupted altar of Lugonu.
 19034 | Lair:3   | Reached XP level 13. HP: 65/65 MP: 19/27
 19244 | Lair:3   | Reached skill level 5 in Conjurations
 19262 | Lair:3   | Reached skill level 1 in Shields
 19310 | Lair:3   | Found a staircase to the Snake Pit.
 19945 | Lair:3   | Identified a scroll of acquirement
 19953 | Lair:3   | Acquired the +4 quick blade "Ezavva" {drain, Dex+5 Stlth+}
 20438 | Lair:4   | You fall into a shaft and drop 2 floors!
 20438 | Lair:6   | Entered Level 6 of the Lair of Beasts
 20761 | Lair:5   | Reached ***** piety under Vehumet
 20762 | Lair:5   | Reached skill level 14 in Stealth
 20768 | Lair:5   | Offered knowledge of Fulminant Prism by Vehumet.
 20788 | Lair:5   | Reached skill level 10 in Dodging
 20833 | Lair:5   | Found a viscous altar of Jiyva.
 20951 | Lair:5   | Found a staircase to the Slime Pits.
 21431 | Lair:5   | Reached skill level 10 in Spellcasting
 23112 | Lair:6   | Reached XP level 14. HP: 70/70 MP: 24/29
 23294 | Lair:6   | Learned a level 6 spell: Iron Shot
 23367 | Lair:6   | Offered knowledge of Olgreb's Toxic Radiance by Vehumet.
 23894 | Lair:5   | Reached skill level 15 in Stealth
 24384 | Lair:6   | Got the Collected Works on Igneous Poison
 25531 | Lair:6   | Reached skill level 1 in Translocations
 26054 | Orc:1    | Entered Level 1 of the Orcish Mines
 26074 | Orc:1    | Offered knowledge of Lee's Rapid Deconstruction by Vehumet.
 26735 | Orc:2    | Entered Level 2 of the Orcish Mines
 26805 | Orc:2    | Found a gate leading to a gauntlet.
 26830 | Gauntlet | Entered a Gauntlet
 26830 | Gauntlet | Found a transporter.
 26830 | Gauntlet | Found a transporter.
 26830 | Gauntlet | Found a transporter.
 26831 | Gauntlet | Found a transporter.
 26832 | Gauntlet | Found a transporter.
 26835 | Gauntlet | Found a transporter.
 26844 | Gauntlet | Found a transporter.
 26845 | Gauntlet | Found a transporter.
 26846 | Gauntlet | Found a transporter.
 26847 | Gauntlet | Found a transporter.
 26855 | Gauntlet | Found a transporter.
 26855 | Gauntlet | Found a transporter.
 26880 | Gauntlet | Found a runed translucent door.
 27378 | Gauntlet | Identified the +0 helmet "Qotuhuc" {rN+}
 27445 | Gauntlet | Got the Reference Book on the Noxious Traveller
 27447 | Gauntlet | Identified the +1 hat of the Minstrel {rPois rCorr}
 27447 | Gauntlet | Identified the ring "Erorchovo" {Wiz Str+3 Int+4 Dex+7
                  | Slay-4}
 27951 | Orc:2    | Reached XP level 15. HP: 75/75 MP: 30/30
 28082 | Orc:2    | Offered knowledge of Ozocubu's Refrigeration by Vehumet.
 28172 | Orc:2    | Found a runed translucent gate.
 28172 | Orc:2    | Found a runed translucent gate.
 28201 | Orc:2    | Noticed FizzleBang's ghost (journeyman TrHu)
 28248 | Orc:2    | Found a runed translucent gate.
 28302 | Orc:2    | Found Couruirui's Magic Scroll Shop.
 28303 | Orc:2    | Found Sessaip's Magic Scroll Boutique.
 28769 | Orc:2    | Bought a scroll of noise for 12 gold pieces
 28844 | Orc:2    | Gained mutation: You are weak. (Str -2) [a neqoxec]
 29156 | Orc:2    | Found a staircase to the Elven Halls.
 29322 | Orc:2    | Reached skill level 16 in Stealth
 29832 | Orc:2    | Paralysed by an orc sorcerer for 4 turns
 29859 | Orc:2    | Found Xozet's Jewellery Emporium.
 29859 | Orc:2    | Found a one-way gate leading to the halls of Pandemonium.
 29859 | Orc:2    | Found Qilampo's Antique Weapon Shoppe.
 30011 | Orc:2    | Killed FizzleBang's ghost
 30283 | D:12     | Noticed Josephine
 30305 | D:12     | Offered knowledge of Yara's Violent Unravelling by Vehumet.
 30327 | D:12     | Killed Josephine
 30411 | D:12     | Learned a level 5 spell: Yara's Violent Unravelling
 30568 | D:12     | Noticed Rupert
 30624 | D:12     | Killed Rupert
 31593 | D:13     | Noticed a tengu reaver
 31598 | D:13     | Killed a tengu reaver
 32164 | D:13     | Found a gate to the Vaults.
 32524 | D:13     | Learned a level 5 spell: Manifold Assault
 32761 | D:14     | Reached skill level 5 in Translocations
 32789 | D:14     | Offered knowledge of Freezing Cloud by Vehumet.
 32923 | D:14     | Found a shadowy altar of Dithmenos.
 33029 | D:14     | Reached XP level 16. HP: 80/80 MP: 29/32
 33166 | D:14     | Reached skill level 17 in Stealth
 33576 | D:15     | Entered Level 15 of the Dungeon
 33750 | D:15     | Reached skill level 15 in Hexes
 33782 | D:15     | Mangled by a white ugly thing

Illustrated notes

Levels and vault maps discovered:
D:1:      scummos_arrival_forest, layout_loops_ring
D:2:      layout_basic
D:3:      minmay_chambers_of_threes, layout_basic, serial_glass,
          glass_columns_c, glass_columns_a
D:4:      layout_loops_cross, minmay_misc_feat_more_columns
D:5:      layout_loops_cross, gup_sewer_entry_pipe
D:6:      layout_basic, serial_bayou_pond_d, uniq_crazy_yiuf_cottage,
          uniq_eustachio
D:7:      layout_cave_pools, minmay_temple_entry_waves, serial_column_ruins,
          column_ruins_grid_1, column_ruins_corridor_corner,
          column_ruins_open_tiny, column_ruins_grid_1,
          column_ruins_corridor_corner, ebering_ghost_reflecting_pool,
          hex_medium, minmay_fractal_squares_gapless_5
D:8:      layout_basic, kennysheep_mini, lair_entry_dummy, serial_shops,
          nicolae_stop_n_shop_2, st_stairs_10, uniq_joseph
D:9:      layout_cave_pods, orc_0_dummy
D:10:     layout_irregular_city, serial_bayou, serial_bayou_pond_d,
          serial_bayou_pond_c, serial_bayou_pond_d, serial_bayou_pond_d,
          lightli_bailey_entry_fortress, kennysheep_generic_room_15
D:11:     layout_long_grid
D:12:     layout_loops_ring, minmay_statue_bubble, uniq_rupert, uniq_josephine
D:13:     minmay_textured_paths, layout_small_grid,
          grunt_vaults_entry_fortified, nrook_mini_backslash
D:14:     wad_crossroads, layout_basic, nicolae_dithmenos_the_darkroom
D:15:     gammafunk_depths_entry_grave, layout_irregular_city,
          minmay_misc_feat_columns
Temple:   mainiacjoe_temple_archimedes_tessellation
Lair:1:   layout_big_grid, uniq_urug
Lair:2:   layout_long_grid, uniq_nergalle
Lair:3:   layout_hall_layers, elwin_shoals_entry_stream,
          minmay_snake_entry_guardpost_small, columned_hall_lemuel,
          amcnicky_altar_lugonu_corruption, uniq_gastronok
Lair:4:   layout_layer_cave, nicolae_quartered_pool_impasse,
          grunt_forest_small_clearing_treed, grunt_megastairs_3
Lair:5:   layout_cellular_growth, slime_altar_1, grunt_megastairs_1,
          infiniplex_staircase_pool_2, serial_bayou_shore_a
Lair:6:   hangedman_lair_tendril_chambers, layout_gridlike,
          guppyfry_lair_end_dragon
Orc:1:    layout_caves, nicolae_orc_flooded_monolith
Orc:2:    pf_orc_diabolical, layout_caves, gammafunk_ghost_split,
          gauntlet_entry_generic, mines2_david

Skill      XL: |  1  2  3  4  5  6  7  8  9 10 11 12 13 14 15 16 |
---------------+-------------------------------------------------+-----
Dodging        | 3 4 5 6 7 8 9 10 11 12 | 12.1
Hexes          | 4 5 6 8 9 10 12 13 14 15 | 15.0
Stealth        | 5 6 7 8 9 10 12 13 14 15 16 17 | 17.1
Spellcasting   | 3 4 5 6 7 8 9 10 11 | 11.7
Fighting       | 1 2 3 4 5 6 7 |  7.7
Short Blades   | 2 3 4 5 6 7 8 9 |  9.7
Armour         | 1 2 3 4 5 6 7 |  7.2
Earth Magic    | 1 2 3 4 5 6 7 8 |  8.3
Conjurations   | 1 2 3 4 5 6 |  6.8
Ice Magic      | 1 |  1.0
Shields        | 2 3 4 |  4.5
Translocations | 2 5 |  5.5

Action                   |  1- 3 |  4- 6 |  7- 9 | 10-12 | 13-15 | 16-18 || total
-------------------------+-------+-------+-------+-------+-------+-------++-------
Melee: Dagger            |    95 |    71 |   251 |   336 |    56 |       ||   809
       Punch             |     1 |       |     5 |     4 |    14 |       ||    24
       Quick blade       |       |       |       |       |  1413 |    49 ||  1462
       Unarmed           |       |       |       |       |    13 |       ||    13
 Cast: Ensorcelled Hiber |    22 |    49 |    96 |   277 |   468 |    19 ||   931
       Confusing Touch   |       |     2 |    22 |    23 |   106 |     6 ||   159
       Tukima's Dance    |       |       |       |     7 |    18 |       ||    25
       Stone Arrow       |       |       |       |       |    16 |       ||    16
       Cause Fear        |       |       |       |       |     2 |       ||     2
       Mephitic Cloud    |       |       |       |       |     3 |       ||     3
       Iron Shot         |       |       |       |       |     2 |       ||     2
  Use: Potion            |     1 |       |       |       |     5 |       ||     6
       Scroll            |       |       |       |     4 |    28 |       ||    32
 Stab: Invisible         |     1 |       |       |       |       |       ||     1
       Sleeping          |    24 |    42 |    57 |   137 |   276 |    15 ||   551
       Confused          |       |       |    15 |    23 |   151 |     7 ||   196
       Distracted        |       |       |       |       |     4 |       ||     4
Armor: Robe              |    16 |    18 |    50 |    11 |     5 |       ||   100
       Troll leather arm |       |       |       |    89 |   132 |       ||   221
Dodge: Dodged            |    64 |    40 |   169 |   389 |   915 |    14 ||  1591
Block: Other             |       |       |       |    18 |   123 |       ||   141
       Reflection        |       |       |       |       |    16 |     2 ||    18
       Buckler           |       |       |       |       |   314 |     9 ||   323

Table legend: (Time is in decaauts)
 A = Elapsed time spent in this place.
 B = Non-inter-level travel time spent in this place.
 C = Inter-level travel time spent in this place.
 D = Time resting spent in this place.
 E = Time spent auto-exploring this place.
 F = Levels seen in this place.
 G = Mean time per level.
                   A        B        C        D        E       F      G
               +--------+--------+--------+--------+--------+-----+--------+
         Total |  25553 |  24357 |   1196 |   4623 |  14053 |  26 |  982.8 |
       Dungeon |  14803 |  14036 |    767 |   2160 |   9197 |  15 |  986.9 |
        Temple |    709 |    685 |     24 |    515 |    117 |   1 |  709.0 |
          Lair |   6658 |   6366 |    292 |   1209 |   3338 |   6 | 1109.7 |
  Orcish Mines |   2329 |   2217 |    112 |    356 |   1150 |   2 | 1164.5 |
        Bailey |    585 |    585 |      0 |    216 |    246 |   1 |  585.0 |
      Gauntlet |    467 |    467 |      0 |    167 |      4 |   1 |  467.0 |
               +--------+--------+--------+--------+--------+-----+--------+

Top non-repeatable levels by time:
     D:6: 1835 daAuts
  Lair:5: 1748 daAuts
   Orc:2: 1512 daAuts
     D:7: 1511 daAuts
     D:8: 1370 daAuts
  Lair:6: 1355 daAuts
  Lair:3: 1269 daAuts
     D:9: 1197 daAuts
     D:1: 1139 daAuts
    D:10: 1026 daAuts
     D:3: 1020 daAuts
     D:2: 986 daAuts
     D:4: 978 daAuts
  Lair:4: 890 daAuts
  Lair:2: 818 daAuts
